 Dungeon Crawl Stone Soup version 0.29-a0-283-ga02f740833 (webtiles) character file.

Game seed: 8540714671480056084

86 Dabor the Skirmisher (level 4, -7/37 HPs)
             Began as a Formicid Abyssal Knight on Mar 13, 2022.
             Was a Priest of Lugonu.
             Mangled by a gnoll
             ... wielding a +0 spear
              (9 damage)
             ... on level 3 of the Dungeon.
             The game lasted 00:03:05 (2562 turns).

Dabor the Skirmisher (Formicid Abyssal Knight)      Turns: 2562, Time: 00:03:06

Health: -7/37      AC:  3    Str: 20    XL:     4   Next: 78%
Magic:  6/6        EV: 11    Int:  9    God:    Lugonu [***...]
Gold:   108        SH:  0    Dex: 11    Spells: 3/3 levels left

rFire   . . .      SeeInvis +   a - +1 spear (venom)
rCold   . . .      Faith    .   (no shield)
rNeg    . . .      Spirit   .   b - +0 leather armour
rPois   .          Reflect  .   (helmet unavailable)
rElec   .          Harm     .   (no cloak)
rCorr   .          Rampage  .   (no gloves)
Will    .....                   (no boots)
Stlth   +.........              (no amulet)
HPRegen 0.12/turn               (no ring)
MPRegen 0.10/turn               (no ring)

@: attractive, flying
A: permanent stasis, dig shafts and tunnels, antennae 3, four strong arms
a: Dig, Shaft Self, Renounce Religion, Depart the Abyss, Bend Space, Banish


You were on level 3 of the Dungeon.
You worshipped Lugonu.
Lugonu was most pleased with you.
You visited 1 branch of the dungeon, and saw 3 of its levels.
You visited the Abyss 1 time.

You collected 108 gold pieces.

Inventory:

Hand Weapons
 a - a +1 spear of venom (weapon)
Armour
 b - a +0 leather armour (worn)
Wands
 n - a wand of digging (5)
Scrolls
 e - a scroll of magic mapping
 j - a scroll of enchant weapon {unknown}
 k - a scroll of blinking {unknown}
 m - a scroll of silence {unknown}
 p - a scroll of summoning {unknown}
Potions
 f - 2 potions of cancellation
 l - 2 potions of curing
 q - a potion of invisibility


   Skills:
 + Level 3.9 Fighting
 + Level 2.6 Polearms
 + Level 2.9 Armour
 + Level 1.7 Dodging
 + Level 3.1 Invocations


You had 3 spell levels left.
You didn't know any spells.
Your spell library contained the following spells:

 Spells                   Type           Power      Damage    Failure   Level
 Dispersal                Tloc           0%         N/A       100%        6
 Malign Gateway           Summ/Tloc      0%         N/A       100%        7
 Disjunction              Tloc           0%         N/A       100%        8
 Summon Horrible Things   Summ           0%         N/A       100%        8


Dungeon Overview and Level Annotations

Branches:
Dungeon (3/15)

Altars:


Innate Abilities, Weirdness & Mutations

You cannot be hasted, slowed, berserked, paralysed or teleported.
You can dig through walls and to a lower floor.
You have a pair of large antennae on your head. (SInv)
Your four strong arms can wield two-handed weapons with a shield.


Message History

Press: ? - help, v - describe, . - travel The floor.
Press: ? - help, v - describe, . - travel
Here: a gnoll sergeant, wielding a +0 vorpal trident and wearing a +0 scale mail (lightly wounded)
The floor.
It was a potion of attraction.
You feel attractive to monsters.
The gnoll sergeant hits you from afar with a +0 vorpal trident!
The gnoll sergeant is attracted toward you.
The gnoll is attracted toward you. x2; Something is attracted toward you.
You hit the gnoll sergeant but do no damage.
The gnoll sergeant is lightly wounded.
The gnoll barely misses you. The gnoll is attracted toward you. x2
The gnoll attacks as you move away! The gnoll barely misses you. x2
The gnoll sergeant closely misses you.
The gnoll sergeant is attracted toward you.
Okay, then.
As you read the scroll labelled ARGHOSMAECA, it crumbles to dust.
It is a scroll of brand weapon.
Your +1 spear drips with poison.
a - a +1 spear of venom (weapon)
The gnoll sergeant misses you.
The gnoll hits you from afar with a +0 spear!
The gnoll is attracted toward you.
The gnoll sergeant hits you from afar with a +0 vorpal trident.
* * * LOW HITPOINT WARNING * * *
x2 The gnoll sergeant is attracted toward you.
The gnoll is attracted toward you.
As you read the scroll labelled BIMEUR BUOLEI, it crumbles to dust.
You feel a strange sense of stasis.
It was a scroll of teleportation.
The gnoll hits you from afar with a +0 spear.
* * * LOW HITPOINT WARNING * * *
The gnoll sergeant closely misses you.
As you read the scroll labelled ITWAIM XOUNUU, it crumbles to dust.
It is a scroll of identify.
e - a scroll of magic mapping The gnoll sergeant hits you with a +0 vorpal trident.
* * * LOW HITPOINT WARNING * * *
x2 The gnoll hits you from afar with a +0 spear!
You die...

# #g# .# #g# ..# #.# ...#
#.# ####....# #.# #.......#
#.# ######.# #@# #g#
.....#.# #g# #+# #g#
.###.#.# #g###.# #.# .#
#.#.# #g.{#.# #g# .###.#.#
#####.#.# #.# ..##.#.#
#.....g.# #{#
####.#.#######.#####.#####{#
#.................ยง..g{.#
###.#######.#####.#######


You could see a gnoll sergeant and 2 gnolls.

Vanquished Creatures
  2 adders
  A worm (D:2)
  2 dart slugs (D:1)
  4 ball pythons
  9 endoplasms
  3 giant cockroaches
  5 goblins
  7 hobgoblins
  2 jackals (D:1)
  3 kobolds
  A quokka (D:1)
  5 bats
  9 frilled lizards
  2 rats (D:1)
55 creatures vanquished.

Notes
Turn   | Place    | Note
-------+----------+-------------------------------------------
     0 | Abyss:1  | Dabor the Formicid Abyssal Knight began the quest for the
                  | Orb.
     0 | Abyss:1  | Reached XP level 1. HP: 18/18 MP: 2/2
    23 | Abyss:1  | Noticed an eidolon
    30 | Abyss:1  | Noticed a smoke demon
    30 | Abyss:1  | Noticed a small abomination
    31 | D:1      | Escaped the Abyss
   107 | D:1      | Reached skill level 1 in Dodging
   266 | D:1      | Reached XP level 2. HP: 21/24 MP: 3/3
   579 | D:1      | Reached XP level 3. HP: 29/29 MP: 4/4
  1279 | D:2      | Reached XP level 4. HP: 25/37 MP: 6/6
  2107 | D:2      | Found a faded altar of an unknown god.
  2335 | D:2      | Reached *** piety under Lugonu
  2530 | D:3      | Noticed a gnoll sergeant
  2562 | D:3      | Mangled by a gnoll

Illustrated notes

Levels and vault maps discovered:
D:1:      dpeg_arrival_round_b, layout_basic, minmay_pentomino_z2
D:2:      layout_loops_corners, chequers_ecumenical_altar_simple, corexii_shack,
          minmay_tripent
D:3:      layout_basic, lemuel_coloured_pillars_altar, portal_sewer_entry_d

Skill      XL: |  1  2  3  4 |
---------------+-------------+-----
Dodging        | 1 |  1.7
Invocations    | 3 |  3.1
Fighting       | |  3.9
Polearms       | |  2.6
Armour         | |  2.9

Action                   |  1- 3 |  4- 6 || total
-------------------------+-------+-------++-------
Melee: Spear             |    87 |    86 ||   173
       Punch             |     1 |       ||     1
Invok: Depart the Abyss  |     1 |       ||     1
  Use: Potion            |       |     6 ||     6
       Scroll            |       |     3 ||     3
 Stab: Sleeping          |     1 |     1 ||     2
Armor: Leather armour    |    18 |    15 ||    33
Dodge: Dodged            |    26 |    42 ||    68

Table legend: (Time is in decaauts)
 A = Elapsed time spent in this place.
 B = Non-inter-level travel time spent in this place.
 C = Inter-level travel time spent in this place.
 D = Time resting spent in this place.
 E = Time spent auto-exploring this place.
 F = Levels seen in this place.
 G = Mean time per level.
                   A        B        C        D        E       F      G
               +--------+--------+--------+--------+--------+-----+--------+
         Total |   2558 |   2515 |     43 |      0 |   2087 |   4 |  639.5 |
       Dungeon |   2527 |   2484 |     43 |      0 |   2064 |   3 |  842.3 |
         Abyss |     31 |     31 |      0 |      0 |     23 |   1 |   31.0 |
               +--------+--------+--------+--------+--------+-----+--------+

Top non-repeatable levels by time:
     D:1: 1236 daAuts
     D:2: 1164 daAuts
     D:3: 127 daAuts
 Abyss:1: 31 daAuts
